Map: Automaton LE

Players

ClickFaster - Winner!

  • Race: Terran Terran
  • League: Gold
  • Spawn Location: 3:00

A.I. 1 (Hard)

  • Race: Protoss Protoss
  • Spawn Location: 9:00

VOD

Have the link to the VOD?

Description

Time

  • Played on: March 25, 2019, 11:38 p.m.
  • Length: 14:18
Show
View Real Time Build Order
Export as new Build Order

ClickFaster Terran - Winner!

Build Orders:  

Get SALT Encoding   

  12  0:01  SCV  
  13  0:13  SCV  
  14  0:18  Supply Depot  
  14  0:25  SCV  
  15  0:40  SCV, Barracks  
  16  0:47  Refinery  
  16  0:52  SCV  
  17  1:03  Barracks  
  17  1:08  SCV  
  18  1:21  SCV  
  19  1:32  Reaper  
  20  1:37  Supply Depot  
  20  1:39  Orbital Command  
  20  1:50  Barracks Tech Lab  
  20  2:04  SCV, Marine  
  22  2:10  Marauder, Concussive Shells  
  24  2:17  SCV  
  25  2:24  Refinery  
  25  2:25  Supply Depot  
  25  2:26  Marine  
  25  2:29  SCV  
  27  2:32  Marauder  
  29  2:41  SCV  
  30  2:44  Marine  
  31  2:51  Supply Depot  
  31  2:53  Marauder  
  31  2:54  SCV  
  34  3:01  Stimpack  
  34  3:02  Marine  
  35  3:06  SCV  
  36  3:15  Marauder  
  36  3:17  Supply Depot  
  36  3:18  SCV  
  39  3:20  Marine  
  40  3:30  SCV  
  41  3:36  Marauder  
  41  3:37  Marine  
  43  3:43  SCV  
  43  3:46  Supply Depot  
  44  3:55  SCV, Marine  
  45  3:57  Marauder  
  48  4:07  SCV  
  49  4:10  Command Center  
  49  4:13  Marine  
  50  4:19  Marauder, SCV  
  53  4:31  SCV  
  54  4:35  Factory  
  54  4:37  Barracks Tech Lab  
  54  4:39  Barracks Reactor  
  54  4:47  SCV  
  54  4:48  Marauder  
  57  4:56  Barracks  
  57  4:59  SCV  
  58  5:01  Combat Shield  
  58  5:06  Engineering Bay  
  58  5:09  Supply Depot  
  58  5:15  Marine x2  
  58  5:19  Marauder  
  62  5:22  Factory Reactor  
  62  5:29  Starport  
  61  5:48  SCV  
  62  5:50  Marauder, Marine x2  
  62  5:54  Terran Infantry Armor Level 1  
  66  5:57  Orbital Command  
  66  6:01  SCV  
  67  6:16  Factory Reactor  
  67  6:30  SCV  
  67  6:31  SCV  
  69  6:38  Medivac x2  
  69  6:39  Refinery  
  73  6:41  Refinery  
  73  6:42  SCV  
  73  6:43  SCV  
  73  6:45  Marauder, Marine x2  
  79  6:55  SCV  
  79  6:56  SCV  
  81  7:03  Marine  
  81  7:06  Marauder  
  81  7:08  SCV x2  
  86  7:25  Marine  
  86  7:29  Marine  
  86  7:30  Marine  
  86  7:32  Marauder, Medivac  
  86  7:33  Medivac  
  81  7:42  SCV x2  
  81  7:43  Marine x2  
  85  7:50  Marine x2  
  87  7:52  Supply Depot  
  87  7:54  Marauder, Supply Depot x2  
  87  7:55  Supply Depot  
  89  8:00  Command Center  
  89  8:01  Terran Infantry Weapons Level 1  
  89  8:09  SCV x2  
  89  8:10  Marine x3  
  94  8:13  Medivac x2  
  94  8:15  Marauder  
  100  8:20  Supply Depot  
  100  8:22  Supply Depot  
  100  8:24  Armory  
  100  8:29  SCV x2  
  100  8:30  Marine x3  
  100  8:31  Marine  
  106  8:36  Marauder  
  108  8:41  SCV  
  108  8:42  SCV  
  108  8:48  Marine x4  
  110  8:53  SCV  
  110  8:54  SCV  
  107  8:58  Marauder  
  109  9:06  SCV x2, Medivac x2, Marine x3  
  118  9:15  Engineering Bay  
  117  9:18  SCV  
  117  9:19  Marauder  
  114  9:24  SCV  
  114  9:27  Orbital Command  
  114  9:30  SCV  
  116  9:37  SCV  
  117  9:38  Marine x3  
  117  9:39  Marine  
  117  9:40  Medivac x2  
  117  9:41  Marauder  
  117  9:42  SCV  
  128  9:47  Barracks  
  128  9:52  Ghost Academy  
  128  9:53  Starport  
  128  9:55  Terran Infantry Armor Level 2, Terran Infantry Weapons Level 2  
  128  9:56  Marine x2  
  128  9:59  Orbital Command  
  130  10:02  Marauder  
  132  10:13  SCV x2  
  134  10:14  Marine x2  
  136  10:23  Marauder  
  136  10:25  Refinery  
  136  10:27  SCV x3  
  141  10:28  Refinery  
  141  10:30  Marine x2  
  141  10:32  Marine  
  141  10:35  Starport Tech Lab  
  144  10:36  Barracks Reactor  
  144  10:39  SCV  
  144  10:40  Personal Cloaking  
  145  10:45  Marauder  
  145  10:48  Barracks  
  147  10:59  Command Center  
  147  11:06  Marauder  
  147  11:07  Marine x2  
  147  11:08  Marine x2  
  147  11:09  Raven  
  147  11:10  Medivac  
  157  12:06  Nuke  
  157  12:07  Missile Turret  
  157  12:10  Marine x6  
  157  12:11  SCV x3, Marauder, Supply Depot, Missile Turret  
  157  12:12  Supply Depot  
  157  12:13  Missile Turret  
  168  12:19  Command Center  
  168  12:23  SCV x2  
  168  12:28  Marine x2  
  172  12:32  Marauder  
  159  12:50  SCV x3  
  159  12:51  Marine x6, Refinery  
  162  12:53  Refinery  
  162  12:54  Marauder  
  170  13:06  Medivac x2, Raven  
  170  13:09  Marine x3  
  179  13:15  Marauder  
  176  13:36  Medivac  
  176  13:37  Marauder  
  180  13:42  Marine x3  
  180  13:43  Marine x3  
  180  13:45  Medivac  
  190  14:00  Marine x3  
Show
View Real Time Build Order
Export as new Build Order

A.I. 1 (Hard) Protoss 

Build Orders:  

Get SALT Encoding   

  12  0:00  Probe  
  13  0:13  Probe  
  14  0:21  Pylon  
  14  0:25  Probe  
  15  0:35  Probe  
  16  0:43  Probe  
  16  0:49  Assimilator  
  17  0:52  Probe, Gateway  
  18  1:01  Probe, Pylon  
  19  1:23  Probe  
  20  1:41  Zealot  
  20  1:43  Cybernetics Core  
  20  1:46  Gateway  
  22  1:47  Assimilator  
  22  2:04  Pylon  
  22  2:15  Adept  
  22  2:19  Warp Gate  
  24  2:32  Adept  
  26  2:44  Adept  
  26  2:50  Pylon  
  28  3:02  Zealot  
  28  3:05  Adept  
  30  3:08  Probe  
  33  3:20  Probe  
  33  3:22  Pylon  
  34  3:29  Adept  
  34  3:32  Probe  
  37  3:35  Stalker  
  39  3:41  Forge  
  39  3:44  Probe  
  40  3:56  Probe  
  40  3:59  Adept  
  43  4:08  Probe  
  44  4:12  Adept  
  46  4:50  Sentry  
  46  4:52  Gateway  
  48  4:54  Protoss Ground Weapons Level 1  
  48  4:56  Pylon  
  48  4:58  Stalker  
  50  5:12  Sentry  
  50  5:13  Photon Cannon  
  52  5:17  Pylon  
  52  5:21  Robotics Facility, Stalker  
  54  5:35  Stalker  
  54  5:38  Photon Cannon  
  52  5:44  Sentry  
  54  5:53  Sentry  
  56  6:01  Stalker  
  58  6:06  Observer  
  58  6:07  Forge  
  59  6:18  Nexus  
  59  6:20  Observer  
  59  6:21  Stargate  
  60  6:41  Protoss Ground Armor Level 1, Twilight Council  
  59  7:25  Sentry  
  58  7:30  Probe  
  58  7:31  Probe  
  58  7:34  Sentry  
  51  7:37  Assimilator  
  51  7:39  Pylon  
  51  7:41  Assimilator  
  51  7:42  Probe, Stalker  
  51  7:43  Probe, Pylon  
  55  7:51  Stalker  
  57  7:54  Probe  
  57  7:55  Probe  
  59  7:59  Sentry  
  59  8:02  Photon Cannon  
  59  8:03  Photon Cannon  
  61  8:06  Probe  
  61  8:07  Probe  
  63  8:18  Probe  
  63  8:19  Probe  
  65  8:28  Probe  
  65  8:30  Probe  
  67  8:39  Probe  
  67  8:42  Probe  
  69  8:49  Probe  
  69  8:50  Gateway  
  69  8:54  Templar Archives  
  70  8:56  Robotics Facility  
  70  9:01  Stargate  
  70  9:06  Warp Prism  
  62  9:29  Robotics Bay  
  62  9:30  High Templar  
  52  9:40  Zealot  
  52  9:42  Warp Prism  
  52  9:43  Warp Prism  
  58  9:50  Stalker  
  60  9:59  Probe  
  61  10:00  High Templar  
  61  10:01  Probe  
  64  10:08  Nexus  
  64  10:11  Probe  
  64  10:13  Disruptor  
  65  10:17  Observer  
  69  10:27  Stalker  
  57  10:33  Fleet Beacon  
  57  10:37  High Templar  
  59  10:47  Zealot  
  61  10:57  Stalker  
  63  11:07  Sentry  
  65  11:12  Disruptor  
  68  11:27  High Templar  
  69  11:39  Tempest  
  74  11:45  Nexus  
  73  11:56  Archon  
  73  12:00  Protoss Ground Armor Level 2  
  73  12:01  Nexus  
  73  12:07  High Templar  
  75  12:21  High Templar  
  77  12:26  Zealot  
  78  12:31  Zealot  
  74  12:37  Immortal  
  74  12:41  Observer, Probe, Stalker  
  65  12:47  Zealot  
  65  12:49  Probe  
  65  12:52  Zealot  
  65  12:57  High Templar  
  60  13:01  Zealot  
  60  13:04  Zealot  
  44  13:09  Probe  
  34  13:12  Zealot  
  35  13:21  Zealot, Probe  
  35  13:23  Nexus  
  36  13:27  High Templar  
  36  13:33  Probe  
  25  13:35  High Templar  
  21  13:44  Pylon  
  21  13:46  Probe  
  16  13:48  Pylon  
  14  13:59  High Templar  
Tags
 
League
Gold
Matchup
PvT
Spawn Locations
Cross Positions
Add a new tag
Caveats
  • Supply blocks, unpowered buildings, or Contaminate may cause inaccurate times.
  • Supply counts are checked every 10 seconds.